SNL (28 & UNDER)
SANTA FE DIABLOS @ BLACKIRON DRAGONS
06/03/2027
 
TOP OF THE 1ST
Santa Fe Diablos batting - Pitching for BlackIron Dragons : LHP Ricardo Vega
Pitching: LHP Ricardo Vega
Batting: LHB David Hernández 0-0: Called Strike
0-1: Ball
1-1: Called Strike
1-2: Foul Ball, location: 2F
1-2: Ground out U3 (Groundball, 34)
Batting: SHB George Adams 0-0: Called Strike
0-1: Swinging Strike
0-2: Ball
1-2: Strikes out swinging
Batting: RHB Lee Price 0-0: Ground out 6-3 (Groundball, 6S)
Top of the 1st over - 0 run(s), 0 hit(s), 0 error(s), 0 left on base; Santa Fe 0 - BlackIron 0
BOTTOM OF THE 1ST
BlackIron Dragons batting - Pitching for Santa Fe Diablos : LHP Sean Perry
Pitching: LHP Sean Perry
Batting: SHB José Estreito 0-0: Ball
1-0: Ball
2-0: Ball
3-0: Base on Balls
Batting: LHB Culley Vaughan 0-0: Ball
1-0: Foul Ball, location: 2F
1-1: Called Strike
1-2: Foul Ball, location: 2F
1-2: Ball
2-2: Ground out 3-1 (Groundball, 34)
José Estreito to second
Batting: RHB Doug O'Brien 0-0: Ball
José Estreito steals 3rd base
1-0: Fly out, F8 (Flyball, 78D)
Runner from 3rd tags up, SCORES, no throw
Batting: RHB Felipe Jareño 0-0: Ball
1-0: SINGLE (Groundball, 6MD)
Batting: LHB Mike Davis 0-0: Foul Ball, location: 2F
0-1: Ball
1-1: Ball
2-1: Foul Ball, location: 2F
2-2: Foul Ball, location: 2F
2-2: Ball
3-2: Fly out, F6 (Popup, 56)
Bottom of the 1st over - 1 run(s), 1 hit(s), 0 error(s), 1 left on base; Santa Fe 0 - BlackIron 1
TOP OF THE 2ND
Santa Fe Diablos batting - Pitching for BlackIron Dragons : LHP Ricardo Vega
Batting: SHB Tex White 0-0: Foul Ball, location: 2F
0-1: Called Strike
0-2: Ball
1-2: Ground out 3-1 (Groundball, 34)
Batting: RHB John Dinkins 0-0: Called Strike
0-1: Ball
1-1: Ball
2-1: Foul Ball, location: 2F
2-2: Fly out, F8 (Line Drive, 8LXD)
Batting: LHB John Bond 0-0: Foul Ball, location: 2F
0-1: Called Strike
0-2: Strikes out looking
Top of the 2nd over - 0 run(s), 0 hit(s), 0 error(s), 0 left on base; Santa Fe 0 - BlackIron 1
BOTTOM OF THE 2ND
BlackIron Dragons batting - Pitching for Santa Fe Diablos : LHP Sean Perry
Batting: LHB Manuel Cardenas 0-0: Called Strike
0-1: Foul Ball, location: 2F
0-2: Foul Ball, location: 2F
0-2: Fly out, F4 (Popup, 4)
Batting: SHB Júlio Macías 0-0: Foul Ball, location: 2F
0-1: Called Strike
0-2: Ball
1-2: Strikes out swinging
Batting: RHB Eugene Payne 0-0: Called Strike
0-1: Fly out, F7 (Line Drive, 7)
Bottom of the 2nd over - 0 run(s), 0 hit(s), 0 error(s), 0 left on base; Santa Fe 0 - BlackIron 1
TOP OF THE 3RD
Santa Fe Diablos batting - Pitching for BlackIron Dragons : LHP Ricardo Vega
Batting: LHB Javier Martínez 0-0: Called Strike
0-1: Called Strike
0-2: Strikes out looking
Batting: RHB Gerardo Álvarez 0-0: Called Strike
0-1: Ball
1-1: Ball
2-1: Ground out U3 (Groundball, 34S)
Batting: RHB Keith Jones 0-0: Foul Ball, location: 2F
0-1: Ball
1-1: Ball
2-1: Fly out, F8 (Line Drive, 78M)
Top of the 3rd over - 0 run(s), 0 hit(s), 0 error(s), 0 left on base; Santa Fe 0 - BlackIron 1
BOTTOM OF THE 3RD
BlackIron Dragons batting - Pitching for Santa Fe Diablos : LHP Sean Perry
Batting: RHB Ramón Rodríguez 0-0: Called Strike
0-1: Ball
1-1: SINGLE (Groundball, 6MD)
Batting: SHB José Estreito 0-0: Foul Ball, location: 2F
0-1: Ball
1-1: Ball
2-1: Called Strike
2-2: Ball
3-2: Fly out, F5 (Line Drive, 56)
Batting: LHB Culley Vaughan 0-0: Called Strike
Ramón Rodríguez steals 2nd base
0-1: Ball
1-1: Ball
Ramón Rodríguez is caught stealing 3rd base
2-1: Foul Ball, location: 2F
2-2: Ball
3-2: Foul Ball, location: 2F
3-2: Foul Ball, location: 2F
3-2: Ground out 4-3 (Groundball, 4)
Bottom of the 3rd over - 0 run(s), 1 hit(s), 0 error(s), 0 left on base; Santa Fe 0 - BlackIron 1
TOP OF THE 4TH
Santa Fe Diablos batting - Pitching for BlackIron Dragons : LHP Ricardo Vega
Batting: LHB David Hernández 0-0: Ball
1-0: Called Strike
1-1: Ball
2-1: Foul Ball, location: 2F
2-2: Fly out, F8 (Flyball, 8LM)
Batting: SHB George Adams 0-0: Called Strike
0-1: Foul Ball, location: 2F
0-2: Strikes out looking
Batting: RHB Lee Price 0-0: Foul Ball, location: 2F
0-1: Ball
1-1: Swinging Strike
1-2: Strikes out swinging
Top of the 4th over - 0 run(s), 0 hit(s), 0 error(s), 0 left on base; Santa Fe 0 - BlackIron 1
BOTTOM OF THE 4TH
BlackIron Dragons batting - Pitching for Santa Fe Diablos : LHP Sean Perry
Batting: RHB Doug O'Brien 0-0: Ball
1-0: Ball
2-0: Ball
3-0: Base on Balls
Batting: RHB Felipe Jareño 0-0: Ball
1-0: Foul Ball, location: 2F
1-1: Swinging Strike
1-2: Foul Ball, location: 2F
1-2: Ball
2-2: Ball
3-2: Base on Balls
Doug O'Brien to second
Batting: LHB Mike Davis 0-0: Swinging Strike
0-1: Ball
1-1: Called Strike
1-2: Foul Ball, location: 2F
1-2: Ball
2-2: Ball
3-2: Base on Balls
Doug O'Brien to third
Felipe Jareño to second
Batting: LHB Manuel Cardenas 0-0: Swinging Strike
0-1: Fly out, F7 (Flyball, 7S)
Batting: SHB Júlio Macías 0-0: Grounds into double play, 5-4-3 (Groundball, 56)
Bottom of the 4th over - 0 run(s), 0 hit(s), 0 error(s), 2 left on base; Santa Fe 0 - BlackIron 1
TOP OF THE 5TH
Santa Fe Diablos batting - Pitching for BlackIron Dragons : LHP Ricardo Vega
Batting: SHB Tex White 0-0: SINGLE (Groundball, 4MD)
Batting: RHB John Dinkins 0-0: Foul Ball, location: 2F
0-1: Foul Ball, location: 2F
0-2: Ball
1-2: Foul Ball, location: 2F
1-2: Ball
2-2: SINGLE (Line Drive, 34D)
Tex White to second
Batting: LHB John Bond 0-0: Swinging Strike
0-1: Ball
1-1: Foul Ball, location: 2F
1-2: Ball
2-2: Foul Ball, location: 2F
2-2: Ball
3-2: SINGLE (Groundball, 4MD)
Tex White to third
John Dinkins to second
Batting: LHB Javier Martínez 0-0: Grounds into fielders choice 1-2 (Groundball, P)
John Dinkins to third
John Bond to second
Batting: RHB Gerardo Álvarez 0-0: Ball
1-0: Ball
2-0: Ball
3-0: Called Strike
3-1: Base on Balls
John Dinkins scores
John Bond to third
Javier Martínez to second
Batting: RHB Keith Jones 0-0: Swinging Strike
0-1: Fly out, F9 (Flyball, 89XD)
Runner from 3rd tags up, SCORES, no throw
Batting: LHB David Hernández 0-0: Ball
1-0: Ball
2-0: SINGLE (Line Drive, 4M)
Javier Martínez to third
Gerardo Álvarez to second
Runner from 3rd tries for Home, SAFE, throw made home
Gerardo Álvarez to third
David Hernández to second
Batting: SHB George Adams 0-0: Ball
1-0: Ball
2-0: Ball
3-0: Base on Balls
Batting: RHB Lee Price 0-0: Foul Ball, location: 2F
0-1: Ball
Wild Pitch!
Gerardo Álvarez scores
David Hernández to third
George Adams to second
1-1: Foul Ball, location: 2F
1-2: Strikes out looking
Top of the 5th over - 4 run(s), 4 hit(s), 0 error(s), 2 left on base; Santa Fe 4 - BlackIron 1
BOTTOM OF THE 5TH
BlackIron Dragons batting - Pitching for Santa Fe Diablos : LHP Sean Perry
Batting: RHB Eugene Payne 0-0: Ball
1-0: Foul Ball, location: 2F
1-1: SINGLE (Line Drive, 89S)
Batting: RHB Ramón Rodríguez 0-0: Called Strike
0-1: Ball
1-1: SINGLE (Groundball, 56) (infield hit)
Eugene Payne to second
Batting: SHB José Estreito 0-0: Ball
1-0: Ball
2-0: Fielders Choice at 2nd, 5-4 (Groundball, 56D)
Eugene Payne to third
Batting: LHB Culley Vaughan 0-0: Ball
1-0: Called Strike
1-1: Ball
2-1: Foul Ball, location: 2F
2-2: Ball
3-2: Ground out 4-3 (Groundball, 4)
Eugene Payne scores
José Estreito to second
Batting: RHB Doug O'Brien 0-0: Foul Ball, location: 2F
0-1: Ball
1-1: Called Strike
1-2: Ball
2-2: Ball
3-2: Base on Balls
Batting: RHB Felipe Jareño 0-0: Called Strike
0-1: Hit by Pitch
José Estreito to third
Doug O'Brien to second
Batting: LHB Mike Davis 0-0: Foul Ball, location: 2F
0-1: Swinging Strike
0-2: Foul Ball, location: 2F
0-2: Fly out, F7 (Line Drive, 7LM)
Bottom of the 5th over - 1 run(s), 2 hit(s), 0 error(s), 3 left on base; Santa Fe 4 - BlackIron 2
TOP OF THE 6TH
Santa Fe Diablos batting - Pitching for BlackIron Dragons : LHP Ricardo Vega
Batting: SHB Tex White 0-0: Foul Ball, location: 2F
0-1: Foul Ball, location: 2F
0-2: Strikes out looking
Batting: RHB John Dinkins 0-0: SINGLE (Groundball, 25) (infield hit)
Batting: LHB John Bond 0-0: Swinging Strike
0-1: Called Strike
0-2: Strikes out swinging
Batting: LHB Javier Martínez 0-0: Ball
1-0: Called Strike
1-1: Ball
2-1: Ball
3-1: SINGLE (Flyball, 78S)
John Dinkins to second
Batting: RHB Gerardo Álvarez 0-0: Foul Ball, location: 2F
0-1: Called Strike
0-2: Ball
1-2: Strikes out swinging
Top of the 6th over - 0 run(s), 2 hit(s), 0 error(s), 2 left on base; Santa Fe 4 - BlackIron 2
BOTTOM OF THE 6TH
BlackIron Dragons batting - Pitching for Santa Fe Diablos : LHP Sean Perry
Pitching: LHP Daniel Draper
Batting: LHB Manuel Cardenas 0-0: Called Strike
0-1: Foul Ball, location: 2F
0-2: Ball
1-2: Foul Ball, location: 2F
1-2: Fly out, F7 (Flyball, 7LMF)
Batting: SHB Júlio Macías 0-0: Ball
1-0: Foul Ball, location: 2F
1-1: Ground out 6-3 (Groundball, 6)
Batting: RHB Eugene Payne 0-0: Ball
1-0: Swinging Strike
1-1: Called Strike
1-2: Hit by Pitch
Batting: RHB Ramón Rodríguez 0-0: Ball
1-0: Called Strike
1-1: Called Strike
1-2: Strikes out swinging
Bottom of the 6th over - 0 run(s), 0 hit(s), 0 error(s), 1 left on base; Santa Fe 4 - BlackIron 2
TOP OF THE 7TH
Santa Fe Diablos batting - Pitching for BlackIron Dragons : LHP Ricardo Vega
Pitching: RHP Juan Gutiérrez
Batting: RHB Keith Jones 0-0: Ball
1-0: Swinging Strike
1-1: Swinging Strike
1-2: Strikes out looking
Batting: LHB David Hernández 0-0: Called Strike
0-1: Foul Ball, location: 2F
0-2: Ball
1-2: Ground out 3-1 (Groundball, 34)
Batting: SHB George Adams 0-0: Ball
1-0: Ball
2-0: Ball
3-0: Base on Balls
Batting: RHB Lee Price 0-0: Ball
1-0: Ball
2-0: DOUBLE (Groundball, 5L)
George Adams to third
Runner from 3rd tries for Home, throw and OUT!
Top of the 7th over - 0 run(s), 1 hit(s), 0 error(s), 1 left on base; Santa Fe 4 - BlackIron 2
BOTTOM OF THE 7TH
BlackIron Dragons batting - Pitching for Santa Fe Diablos : LHP Daniel Draper
Now at 3B: David Taylor
Batting: SHB José Estreito 0-0: Foul Ball, location: 2F
0-1: Ball
1-1: Ball
2-1: Ball
3-1: Foul Ball, location: 2F
3-2: Base on Balls
Batting: LHB Culley Vaughan 0-0: Ball
1-0: Called Strike
1-1: Foul Ball, location: 2F
1-2: SINGLE (Flyball, 89S)
José Estreito to second
Throwing error, E9
José Estreito scores
Culley Vaughan to second
Batting: RHB Doug O'Brien 0-0: Foul Ball, location: 2F
0-1: Ball
1-1: Ball
2-1: Called Strike
2-2: Ball
3-2: Foul Ball, location: 2F
3-2: Base on Balls
Batting: RHB Felipe Jareño 0-0: SINGLE (Groundball, 6MD)
Culley Vaughan to third
Doug O'Brien to second
Pinch Hitting: RHB Eddie Shirley 0-0: Ball
1-0: SINGLE (Groundball, 56)
Culley Vaughan scores
Doug O'Brien to third
Felipe Jareño to second
Batting: LHB Manuel Cardenas 0-0: Called Strike
0-1: Ball
1-1: SINGLE (Line Drive, 8LS)
Doug O'Brien scores
Felipe Jareño to third
Eddie Shirley to second
Pitching: RHP David Sheppard
Pinch Hitting: LHB Chris Waggoner 0-0: Ball
1-0: Ball
2-0: Ball
Wild Pitch!
Felipe Jareño scores
Eddie Shirley to third
Manuel Cardenas to second
3-0: Intentional Walk
Pinch Hitting: LHB Terry Simpson 0-0: Ball
1-0: Foul Ball, location: 2F
1-1: Called Strike
1-2: Strikes out looking
Pinch Hitting: LHB Miguel Barrón 0-0: Grounds into fielders choice 5-2 (Groundball, 56S)
Manuel Cardenas to third
Chris Waggoner to second
Batting: SHB José Estreito 0-0: Called Strike
Balk!
Manuel Cardenas scores
Chris Waggoner to third
Miguel Barrón to second
0-1: Fly out, F8 (Flyball, 8RM)
Bottom of the 7th over - 5 run(s), 4 hit(s), 1 error(s), 2 left on base; Santa Fe 4 - BlackIron 7
TOP OF THE 8TH
Santa Fe Diablos batting - Pitching for BlackIron Dragons : RHP Juan Gutiérrez
Now at 1B: Chris Waggoner
Now at SS: Orlando Cintrón
Now in LF: Eddie Shirley
Now in CF: Miguel Barrón
Batting: SHB Tex White 0-0: Foul Ball, location: 2F
0-1: Called Strike
0-2: Ball
1-2: Ball
2-2: Fly out, F8 (Line Drive, 8LS)
Batting: RHB John Dinkins 0-0: Ball
1-0: Called Strike
1-1: Foul Ball, location: 2F
1-2: Ball
2-2: Ground out 4-3 (Groundball, 4)
Batting: LHB John Bond 0-0: Ball
1-0: Ball
2-0: Foul Ball, location: 2F
2-1: Swinging Strike
2-2: Foul Ball, location: 2F
2-2: Strikes out swinging
Top of the 8th over - 0 run(s), 0 hit(s), 0 error(s), 0 left on base; Santa Fe 4 - BlackIron 7
BOTTOM OF THE 8TH
BlackIron Dragons batting - Pitching for Santa Fe Diablos : RHP David Sheppard
Batting: LHB Culley Vaughan 0-0: Foul Ball, location: 2F
0-1: Ball
1-1: Ball
2-1: Foul Ball, location: 2F
2-2: Ground out 4-3 (Groundball, 4)
Batting: RHB Doug O'Brien 0-0: Foul Ball, location: 2F
0-1: Swinging Strike
0-2: Ball
1-2: Strikes out swinging
Batting: RHB Felipe Jareño 0-0: Ball
1-0: Ball
2-0: Ball
3-0: Called Strike
3-1: Foul Ball, location: 2F
3-2: Foul Ball, location: 2F
3-2: Strikes out swinging
Bottom of the 8th over - 0 run(s), 0 hit(s), 0 error(s), 0 left on base; Santa Fe 4 - BlackIron 7
TOP OF THE 9TH
Santa Fe Diablos batting - Pitching for BlackIron Dragons : RHP Juan Gutiérrez
Pitching: LHP Roberto Ontiveros
Batting: LHB Javier Martínez 0-0: Called Strike
0-1: Ball
1-1: Called Strike
1-2: Strikes out swinging
Batting: RHB Gerardo Álvarez 0-0: Ball
1-0: Swinging Strike
1-1: Ball
2-1: Foul Ball, location: 2F
2-2: Ball
3-2: Strikes out swinging
Batting: RHB Keith Jones 0-0: Ball
1-0: Called Strike
1-1: Ball
2-1: Swinging Strike
2-2: Ball
3-2: Strikes out looking
Top of the 9th over - 0 run(s), 0 hit(s), 0 error(s), 0 left on base; Santa Fe 4 - BlackIron 7
Thursday, March 30th, 2017 - OOTP Baseball 17.12 Build 75